 Dungeon Crawl Stone Soup version 0.31-a0-202-g547052bce9 (webtiles) character file.

Game seed: 2299759735966688191

94 qw the Shooter (level 4, 0/25 HPs)
             Began as a Deep Elf Hunter on June 26, 2023.
             Succumbed to an adder's poison
             ... on level 3 of the Dungeon.
             The game lasted 00:00:39 (1233 turns).

qw the Shooter (Deep Elf Hunter)                    Turns: 1233, Time: 00:00:39

Health: 0/25       AC:  4    Str: 10    XL:     4   Next: 38%
Magic:  6/6        EV: 12    Int: 14    God:
Gold:   125        SH:  0    Dex: 18    Spells: 3/3 levels left

rFire   + . .        Y - +0 shortbow
rCold   . . .        (shield currently unavailable)
rNeg    . . .        c - +0 leather armour
rPois   .            (no helmet)
rElec   .            e - +0 cloak
rCorr   .            (no gloves)
SInv    .            (no boots)
Will    +....        (no amulet)
Stlth   ++           f - ring of willpower
HPRegen 0.24/turn    g - ring of protection from fire
MPRegen 0.10/turn

%: no passive effects
@: lethally poisoned (0 -> -1)
A: no striking features
a: no special abilities


You were on level 3 of the Dungeon.
You visited 1 branch of the dungeon, and saw 3 of its levels.

You collected 125 gold pieces.


   Skills:
 - Level 1.5 Fighting
 + Level 7.8 Ranged Weapons
 - Level 2.4 Dodging
 - Level 1.2 Stealth


You had 3 spell levels left.
You didn't know any spells.
Your spell library was empty.

Inventory:

Hand Weapons
 Y - a +0 shortbow (weapon)
Armour
 c - a +0 leather armour (worn)
 e - a +0 cloak (worn)
Jewellery
 a - a ring of see invisible
 f - a ring of willpower (left hand)
 g - a ring of protection from fire (right hand)
Potions
 i - a potion of mutation {unknown}

Dungeon Overview and Level Annotations

Branches:
Dungeon (3/15)

Altars:


Message History

You shoot an arrow. The arrow misses the adder.
The adder misses you. The adder bites you but does no damage.
You shoot an arrow. The arrow barely misses the adder.
The adder bites you.
You are poisoned.
The adder poisons you! The frilled lizard misses you.
You shoot an arrow.
The arrow hits the adder but does no damage.
The adder is almost dead.
You feel sick. The adder closely misses you.
The frilled lizard bites you but does no damage.
The adder bites you but does no damage.
You shoot an arrow. The arrow closely misses the adder.
You feel sick.
The frilled lizard bites you but does no damage.
The adder bites you.
You shoot an arrow. The arrow misses the adder.
You feel sick. The adder bites you. The frilled lizard bites you.
You shoot an arrow. The arrow misses the adder.
You feel sick.
You are no longer poisoned.
The adder bites you.
You are poisoned.
The adder poisons you! The frilled lizard barely misses you.
The adder barely misses you.
You shoot an arrow. The arrow closely misses the adder.
You feel sick. The frilled lizard barely misses you.
The adder barely misses you.
You shoot an arrow. The arrow misses the adder.
You feel sick. The adder bites you but does no damage.
The frilled lizard bites you but does no damage.
The adder closely misses you.
You shoot an arrow. The arrow hits the adder!
You kill the adder!
You feel sick. The frilled lizard bites you.
You shoot an arrow. The arrow hits the frilled lizard!
You kill the frilled lizard!
You feel sick.
There is a lethal amount of poison in your body!
You die...

### ###########.#
............# .##########.#
.# #.# '### ####.#######
...# #..........# ...#
#..........######
..(#####........@%'.....
...#......#.......##########
l....####................>.
....## ##.......#####
#.######. ....# #..####.#
#.<...... ....# #..# #.#
#.######. .####
#..####.########.###### ##
......................# #
#+#......###..###.####.#


There were no monsters in sight!

Vanquished Creatures
  4 adders (D:3)
  2 worms (D:2)
  3 dart slugs
  3 endoplasms
  6 hobgoblins
  4 jackals (D:2)
  6 kobolds
  5 quokkas
  4 ball pythons
  3 bats
  3 frilled lizards
  3 rats (D:2)
46 creatures vanquished.

Notes
Turn   | Place    | Note
-------+----------+-------------------------------------------
     0 | D:1      | qw the Deep Elf Hunter began the quest for the Orb.
     0 | D:1      | Reached XP level 1. HP: 12/12 MP: 3/3
     0 | D:1      | 0 ||| qw: Version: 0.3-a-22-g0ed2b0b
     0 | D:1      | 0 ||| qw: Game counter: 6215
     0 | D:1      | 0 ||| qw: Melee chars always use a shield: true
     0 | D:1      | 0 ||| qw: God list: Okawaru
     0 | D:1      | 0 ||| qw: Allow faded altars: false
     0 | D:1      | 0 ||| qw: Do Orc after clearing Dungeon:15 true
     0 | D:1      | 0 ||| qw: Do second Lair branch before Depths: true
     0 | D:1      | 0 ||| qw: Lair rune preference: random
     0 | D:1      | 0 ||| qw: Goals: Normal
     0 | D:1      | 0 ||| PLANNING D:1-11
    74 | D:1      | Reached skill level 6 in Ranged Weapons
    74 | D:1      | Reached XP level 2. HP: 16/16 MP: 4/4
    76 | D:1      | 76 ||| FLEEEEING.
   334 | D:1      | 334 ||| UPGRADING to +0 cloak.
   339 | D:1      | 339 ||| UPGRADING to ring of willpower.
   340 | D:1      | 340 ||| DRINKING 2 lumpy golden potions.
   444 | D:1      | 444 ||| DROPPING scroll of butterflies.
   445 | D:1      | 445 ||| DROPPING potion of berserk rage.
   458 | D:2      | 458 ||| STAIRDANCE
   524 | D:2      | Reached XP level 3. HP: 20/20 MP: 5/5
   592 | D:2      | Reached skill level 7 in Ranged Weapons
  1093 | D:2      | 1093 ||| DROPPING +6 ring of intelligence.
  1094 | D:2      | 1094 ||| UPGRADING to ring of protection from fire.
  1095 | D:2      | 1095 ||| READING scroll labelled JUOMYG WASTEJ.
  1096 | D:2      | 1096 ||| READING scroll labelled VUEMNUAZYITE.
  1100 | D:2      | 1100 ||| DRINKING 2 red potions.
  1101 | D:2      | 1101 ||| DROPPING potion of invisibility.
  1141 | D:3      | Reached XP level 4. HP: 25/25 MP: 6/6
  1197 | D:3      | 1197 ||| FLEEEEING.
  1202 | D:3      | 1202 ||| FLEEEEING.
  1203 | D:3      | 1203 ||| FLEEEEING.
  1204 | D:3      | 1204 ||| FLEEEEING.
  1205 | D:3      | 1205 ||| FLEEEEING.
  1206 | D:3      | 1206 ||| FLEEEEING.
  1210 | D:3      | 1210 ||| FLEEEEING.
  1214 | D:3      | 1214 ||| FLEEEEING.
  1215 | D:3      | 1215 ||| FLEEEEING.
  1216 | D:3      | 1216 ||| FLEEEEING.
  1217 | D:3      | 1217 ||| FLEEEEING.
  1218 | D:3      | 1218 ||| FLEEEEING.
  1229 | D:3      | HP: 6/25 [poisoned by an adder]
  1231 | D:3      | HP: 2/25 [frilled lizard (2)]
  1233 | D:3      | Succumbed to an adder's poison

Levels and vault maps discovered:
D:1:      saegor_arrival_miasma, layout_rooms
D:2:      layout_loops_ring
D:3:      layout_basic, old_standard_altar, nzn_wu_jian_contemplation,
          minmay_door_square, minmay_joined_circles

Skill      XL: |  1  2  3 |
---------------+----------+-----
Ranged Weapons | 6 7 |  7.8
Fighting       | |  1.5
Dodging        | |  2.4
Stealth        | |  1.2

Action                     |  1- 3 |  4- 6 || total
---------------------------+-------+-------++-------
   Fire: Shortbow          |   101 |    24 ||   125
    Use: Potion            |     2 |       ||     2
         Scroll            |     2 |       ||     2
 Armour: Leather armour    |     4 |     6 ||    10
  Dodge: Dodged            |    15 |    10 ||    25

Table legend:
 A = Non-vault XP
 B = Vault XP
 C = Vault XP percentage of total XP
 D = Non-vault monster count
 E = Vault monster count
 F = Vault count percentage of total count
                 A         B        C        D         E       F
            +---------+---------+-------+---------+---------+-------
      Total |     135 |       0 |   0.0 |      46 |       0 |   0.0
            +---------+---------+-------+---------+---------+-------
        D:1 |      32 |       0 |   0.0 |      18 |       0 |   0.0
        D:2 |      46 |       0 |   0.0 |      21 |       0 |   0.0
        D:3 |      57 |       0 |   0.0 |       7 |       0 |   0.0
            +---------+---------+-------+---------+---------+-------
